 Dungeon Crawl Stone Soup version 0.32-a0-40-g2adb59ae06 (webtiles) character file.

Game seed: 3805950230806423575

149 muttybuddy the Trooper (level 5, 0/47 HPs)
             Began as a Minotaur Berserker on Jan 24, 2024.
             Was a Priest of Trog.
             Slain by an orc wizard
             ... wielding a +0 dagger
              (1 damage)
             ... on level 3 of the Dungeon.
             The game lasted 00:14:25 (1640 turns).

muttybuddy the Trooper (Minotaur Berserker)         Turns: 1640, Time: 00:14:25

Health: 0/47       AC:  2    Str: 24    XL:     5   Next: 9%
Magic:  4/4        EV: 12    Int:  4    God:    Trog [***...]
Gold:   114        SH:  0    Dex:  9    Spells: 4/4 levels left

rFire   . . .        a - +0 hand axe
rCold   . . .        (no shield)
rNeg    . . .        b - +0 animal skin
rPois   .            (helmet restricted)
rElec   .            (no cloak)
rCorr   .            (no gloves)
SInv    .            (no boots)
Will    .....        (no amulet)
Stlth   +            (no ring)
HPRegen 0.27/turn    (no ring)
MPRegen 0.09/turn

%: no passive effects
@: no status effects
A: horns 2, retaliatory headbutt
a: Renounce Religion, Berserk, Trog's Hand


You were on level 3 of the Dungeon.
You worshipped Trog.
Trog was most pleased with you.
You visited 1 branch of the dungeon, and saw 3 of its levels.

You collected 114 gold pieces.

Inventory:

Hand Weapons
 a - a +0 hand axe (weapon)
Missiles
 h - a throwing net (quivered)
Armour
 b - a +0 animal skin (worn)
Scrolls
 c - 2 scrolls of vulnerability {unknown}
 d - 2 scrolls of immolation {unknown}
 e - 3 scrolls of amnesia {unknown}
 f - a scroll of noise {unknown}
 i - a scroll of fear {unknown}
Potions
 g - a potion of resistance {unknown}


   Skills:
 + Level 4.7 Fighting
 + Level 4.7 Axes
 + Level 3.8 Armour
 + Level 3.4 Dodging


You had 4 spell levels left.
You didn't know any spells.
Your spell library was empty.

Dungeon Overview and Level Annotations

Branches:
Dungeon (3/15) Zot: 16305

Altars:
Elyvilon


Innate Abilities, Weirdness & Mutations

You have a pair of horns on your head.
You reflexively headbutt those who attack you in melee.


Message History

The orc wizard barely misses you.
You barely miss the orc wizard.
The orc wizard is heavily wounded.
The orc wizard hits you with a +0 dagger.
You hit the orc wizard but do no damage.
The orc wizard is heavily wounded.
The orc wizard hits you with a +0 dagger.
You closely miss the orc wizard.
The orc wizard is heavily wounded.
The orc wizard hits you with a +0 dagger.
You hit the orc wizard but do no damage.
The orc wizard is heavily wounded.
The orc wizard gestures at you while chanting.
The puff of flame hits you.
You closely miss the orc wizard.
The orc wizard is heavily wounded.
The orc wizard closely misses you.
You closely miss the orc wizard. Your headbutt misses the orc wizard.
Your punch misses the orc wizard.
The orc wizard is heavily wounded.
The orc wizard gestures at you while chanting.
The magic dart hits you.
You barely miss the orc wizard.
The orc wizard is heavily wounded.
The orc wizard points at you and mumbles some strange words.
The puff of flame hits you!
* * * LOW HITPOINT WARNING * * *
You closely miss the orc wizard. Your headbutt misses the orc wizard.
The orc wizard is heavily wounded.
The orc wizard points at you and mumbles some strange words.
The magic dart hits you!
* * * LOW HITPOINT WARNING * * *
You hit the orc wizard.
The orc wizard is severely wounded.
The orc wizard hits you with a +0 dagger.
* * * LOW HITPOINT WARNING * * *
You closely miss the orc wizard.
The orc wizard is severely wounded.
The orc wizard hits you with a +0 dagger.
You die...

..........#
.....>..†.#
..........#
.^........#
..........#
.....######
..##..#######
#####.......#######.#
# #######.....@)..#
#######o..# #..# ..#
.# .. #. ##


You could see an orc wizard.

Vanquished Creatures
  Robin (D:2)
  4 gnolls (D:2)
  An adder (D:2)
  3 ribbon worms
  2 dart slugs (D:1)
  3 orcs (D:3)
  8 bats
  5 endoplasms
  3 giant cockroaches
  13 goblins
  6 hobgoblins
  4 jackals (D:1)
  3 kobolds (D:1)
  5 quokkas
  5 ball pythons
  2 frilled lizards (D:1)
  3 rats (D:1)
71 creatures vanquished.

Notes
Turn   | Place    | Note
-------+----------+-------------------------------------------
     0 | D:1      | muttybuddy the Minotaur Berserker began the quest for the
                  | Orb.
     0 | D:1      | Reached XP level 1. HP: 19/19 MP: 0/0
    30 | D:1      | Reached XP level 2. HP: 27/27 MP: 1/1
   318 | D:1      | Reached XP level 3. HP: 32/33 MP: 2/2
   320 | D:1      | Reached ** piety under Trog
   670 | D:2      | Reached XP level 4. HP: 28/41 MP: 3/3
   803 | D:2      | Found a white marble altar of Elyvilon.
  1229 | D:2      | Noticed Robin
  1250 | D:2      | Killed Robin
  1259 | D:2      | Reached XP level 5. HP: 12/47 MP: 4/4
  1557 | D:3      | Reached *** piety under Trog
  1639 | D:3      | HP: 1/47 [orc wizard/+0 dagger (3)]
  1640 | D:3      | Slain by an orc wizard

Illustrated notes

Levels and vault maps discovered:
D:1:      lemuel_arrival_tunnels, layout_basic, minmay_misc_feat_diagonals
D:2:      layout_basic, basic_altar, minmay_cut_off, uniq_robin
D:3:      layout_rooms, shapermc_ecumenical_altar_mp_vishouse,
          grunt_ministairs_5, uniq_sigmund

Skill      XL: |  1  2  3 |
---------------+----------+-----
Fighting       | 4 |  4.7
Axes           | 4 |  4.7
Armour         | 3 |  3.8
Dodging        | 3 |  3.4

Action                     |  1- 3 |  4- 6 || total
---------------------------+-------+-------++-------
  Melee: Hand axe          |    60 |    65 ||   125
         Headbutt          |     8 |     8 ||    16
         Punch             |     2 |     1 ||     3
 Invoke: Berserk           |     3 |     1 ||     4
 Armour: Animal skin       |    47 |    41 ||    88
  Dodge: Dodged            |    53 |    32 ||    85

Table legend: (Time is in decaauts)
 A = Elapsed time spent in this place.
 B = Non-inter-level travel time spent in this place.
 C = Inter-level travel time spent in this place.
 D = Time resting spent in this place.
 E = Time spent auto-exploring this place.
 F = Levels seen in this place.
 G = Mean time per level.
                   A        B        C        D        E       F      G
               +--------+--------+--------+--------+--------+-----+--------+
         Total |   1693 |   1651 |     42 |    195 |     52 |   3 |  564.3 |
       Dungeon |   1693 |   1651 |     42 |    195 |     52 |   3 |  564.3 |
               +--------+--------+--------+--------+--------+-----+--------+

Top non-repeatable levels by time:
     D:2: 914 daAuts
     D:1: 687 daAuts
     D:3: 90 daAuts
